 Dungeon Crawl Stone Soup version 0.30.1-11-g7821555f0a (webtiles) character file.

Game seed: 5697968671594302152

86 KittyFluff the Cudgeller (level 4, -4/43 HPs)
             Began as a Gargoyle Berserker on Nov 10, 2023.
             Was a Believer of Trog.
             Slain by Sigmund
             ... wielding a +3 scythe of flaming
              (10 damage)
             ... on level 2 of the Dungeon.
             The game lasted 00:04:58 (1260 turns).

KittyFluff the Cudgeller (Gargoyle Berserker)       Turns: 1260, Time: 00:04:59

Health: -4/43      AC:  6    Str: 23    XL:     4   Next: 50%
Magic:  4/4        EV: 12    Int:  7    God:    Trog [**....]
Gold:   109        SH:  0    Dex:  9    Spells: 3/3 levels left

rFire   + . .        a - +0 mace
rCold   + . .        (no shield)
rNeg    + . .        k - +1 robe {rC+ rF+}
rPois   ∞            (no helmet)
rElec   +            (no cloak)
rCorr   .            (no gloves)
SInv    .            (no boots)
Will    .....        (no amulet) Stlth
                     (no ring)
HPRegen 0.27/turn    (no ring)
MPRegen 0.09/turn

%: no passive effects
@: berserking, very quick
A: sickness immunity, AC +3, negative energy resistance 1, electricity
resistance, torment resistance 1, petrification resistance
a: Renounce Religion, Berserk, Trog's Hand


You were on level 2 of the Dungeon.
You worshipped Trog.
Trog was pleased with you.
You visited 1 branch of the dungeon, and saw 2 of its levels.

You collected 109 gold pieces.

Inventory:

Hand Weapons
 a - a +0 mace (weapon)
 l - a +0 sling
Missiles
 h - 2 throwing nets (quivered)
 i - 5 silver boomerangs
 o - 5 atropa-tipped darts
Armour
 k - a +1 robe of resistance (worn)
Scrolls
 b - a scroll of enchant armour {unknown}
 c - a scroll of fear {unknown}
 e - a scroll of amnesia {unknown}
 n - a scroll of identify
Potions
 d - a potion of might
 f - a potion of flight {unknown}
 g - 2 potions of haste {unknown}
 j - a potion of heal wounds {unknown}
 m - 3 potions of curing {unknown}


   Skills:
 + Level 3.7 Fighting
 * Level 3.7 Maces & Flails
 * Level 3.4 Armour
 + Level 2.0 Dodging
 + Level 1.2 Stealth


You had 3 spell levels left.
You didn't know any spells.
Your spell library was empty.

Dungeon Overview and Level Annotations

Branches:
Dungeon (2/15)

Altars:

Annotations:
D:2 Sigmund


Innate Abilities, Weirdness & Mutations

You are immune to sickness and miasma.
Your stone body is resilient. (AC +3)
You are immune to poison.
You resist negative energy. (rN+)
You are resistant to electric shocks. (rElec)
You are resistant to unholy torment.
You are immune to petrification.


Message History

You now have 109 gold pieces (gained 1).
There is a stone staircase leading down here.
Sigmund the Dreaded comes into view.
He is wielding a +3 scythe of flaming.
Sigmund shouts!
Sigmund points at you and mumbles some strange words.
The magic dart hits you.
Unknown command.
Sigmund closely misses you.
Sigmund says, "Don't worry, I'll kill you fast."
Sigmund casts a spell at you.
You are confused.
Sigmund gestures at you while chanting. The magic dart hits you.
Sigmund hits you from afar with a +3 scythe of flaming.
Sigmund burns you.
Sigmund says, "Your kind have come here before.
I understand now why.
You desire death..."
Sigmund closely misses you. Sigmund misses you.
You bump into the rock wall.
You feel less confused. Sigmund closely misses you.
Sigmund hits you but does no damage.
You closely miss Sigmund. You closely miss Sigmund.
Sigmund completely misses you.
You hit Sigmund but do no damage.
Sigmund hits you with a +3 scythe of flaming.
You hit Sigmund but do no damage. Sigmund hits you but does no damage.
You barely miss Sigmund. Sigmund misses you.
You sock Sigmund! You punch Sigmund.
Sigmund is moderately wounded.
You completely miss Sigmund.
Sigmund is moderately wounded.
Sigmund hits you with a +3 scythe of flaming!
* * * LOW HITPOINT WARNING * * *
Sigmund burns you.
* * * LOW HITPOINT WARNING * * *
A red film seems to cover your vision as you go berserk!
You feel yourself moving faster!
You feel mighty!
Sigmund hits you with a +3 scythe of flaming!
You die...

##### #...#
#...# #...#
######.@@#
#........##
#.####....#
#....#
#....#
####.# #.##
#..# .. ###
##.#


You could see Sigmund.

Vanquished Creatures
  Natasha (D:2)
  2 adders (D:2)
  A worm (D:2)
  A dart slug (D:1)
  7 endoplasms
  3 giant cockroaches
  2 goblins (D:1)
  3 quokkas (D:1)
  5 ball pythons
  2 bats
  3 frilled lizards
  7 kobolds (D:1)
  2 rats (D:1)
39 creatures vanquished.

Notes
Turn   | Place    | Note
-------+----------+-------------------------------------------
     0 | D:1      | KittyFluff the Gargoyle Berserker began the quest for the
                  | Orb.
     0 | D:1      | Reached XP level 1. HP: 14/14 MP: 1/1
   158 | D:1      | Reached XP level 2. HP: 19/19 MP: 2/2
   636 | D:1      | Reached XP level 3. HP: 22/23 MP: 3/3
   774 | D:1      | Reached ** piety under Trog
   975 | D:2      | Reached skill level 1 in Stealth
  1050 | D:2      | Reached XP level 4. HP: 21/28 MP: 4/4
  1090 | D:2      | Noticed Natasha
  1102 | D:2      | Killed Natasha
  1240 | D:2      | Noticed Sigmund
  1260 | D:2      | Slain by Sigmund

Illustrated notes

Levels and vault maps discovered:
D:1:      ncdulo_watergridlock, layout_basic, minmay_unequal
D:2:      layout_rooms, uniq_natasha, uniq_sigmund

Skill      XL: |  1  2  3  4 |
---------------+-------------+-----
Armour         | 3 |  3.4
Stealth        | 1 |  1.2
Dodging        | 2 |  2.0
Fighting       | |  3.7
Maces & Flails | |  3.7

Action                     |  1- 3 |  4- 6 || total
---------------------------+-------+-------++-------
  Melee: Mace              |   124 |    18 ||   142
         Punch             |     1 |     1 ||     2
 Invoke: Berserk           |       |     2 ||     2
    Use: Scroll            |     3 |       ||     3
   Stab: Sleeping          |     1 |       ||     1
 Armour: Leather armour    |    20 |       ||    20
         Robe              |    43 |     8 ||    51
  Dodge: Dodged            |    85 |    16 ||   101
